AoeStats
← Koatlistak

Arena

508998819Analyzed
4v4 RM · 9d ago on Sep 25, 2026· 52m 28s· 8 players
Game mode
Random Map
Map size
Large (8 player)
Population
200
Speed
Normal
Resources
Standard
Victory
Conquest
Starting age
Dark Age
Ending age
Imperial Age
RankedLock teamsTeams togetherTeam positionsShared explorationLock speedFull tech treeHidden civsTurbo modeCheats
Victory
Defeat
🇨🇴 Spanish · Colombia
1330
+14
🇦🇺 Turks · Australia
1327
+14
🇨🇴 Teutons · Colombia
1321
+15
🇦🇷 Khmer · Argentina
1297
+16
🇲🇽 Khmer · Mexico
1356
-18
🇲🇽 Turks · Mexico
1307
-15
🇺🇸 Saxons · United States
1284
-14
🇵🇾 Burgundians · Paraguay
1221
-12
kanservero1302
5:54 Loom
9:37 Feudal Age
10:21 Double-Bit Axe
11:13 Horse Collar
12:57 Fletching
21:55 Castle Age
20:10 Stone Mining
20:28 Gold Mining
22:47 Bodkin Arrow
23:17 Bow Saw
23:09 Heavy Plow
24:21 Wheelbarrow
24:22 Town Watch
26:15 Fervor
30:30 Imperial Age
29:37 Hand Cart
32:36 Chemistry
32:02 Pikeman
32:42 Squires
32:44 Scale Mail Armor
33:25 Conscription
38:38 Halberdier
43:47 Forging
46:21 Scale Barding Armor
47:59 Chain Barding Armor
50:06 Chain Mail Armor
50:51 Bloodlines
52:28 Plate Mail Armor
Radamanthyssama
10:42 Feudal Age
9:49 Loom
15:03 Castle Age
13:44 Double-Bit Axe
13:41 Horse Collar
15:26 Wheelbarrow
16:20 Bow Saw
16:29 Fletching
19:05 Bodkin Arrow
26:20 Imperial Age
23:43 Gold Mining
24:27 Stone Mining
32:16 Scale Mail Armor
34:47 Squires
34:24 Pikeman
39:01 Halberdier
41:51 Forging
41:57 Chain Mail Armor
45:08 Two-Man Saw
45:16 Chemistry
45:04 Plate Mail Armor
45:10 Iron Casting
44:35 Bracer
44:36 Padded Archer Armor
45:24 Ballistics
46:05 Scale Barding Armor
49:03 Blast Furnace
49:40 Heavy Plow
50:36 Leather Archer Armor
50:42 Chain Barding Armor
50:40 Hand Cart
50:11 Town Watch
52:23 Ring Archer Armor
Lalo Salamanca
9:36 Feudal Age
10:51 Double-Bit Axe
11:17 Horse Collar
13:13 Scale Barding Armor
20:51 Castle Age
25:54 Loom
25:55 Town Watch
26:36 Bow Saw
26:55 Bloodlines
28:09 Wheelbarrow
29:52 Chain Barding Armor
29:43 Forging
30:54 Hand Cart
34:01 Imperial Age
33:06 Iron Casting
32:41 Husbandry
34:02 Heavy Camel Rider
36:05 Plate Barding Armor
37:17 Gold Mining
38:46 Blast Furnace
37:46 Padded Archer Armor
40:56 Leather Archer Armor
40:32 Fletching
42:47 Ring Archer Armor
45:18 Gold Shaft Mining
46:47 Conscription
ReBeL_persi
11:14 Feudal Age
14:42 Castle Age
12:45 Double-Bit Axe
12:42 Horse Collar
16:47 Bow Saw
21:13 Loom
23:08 Wheelbarrow
22:29 Gold Mining
24:12 Stone Mining
27:27 Imperial Age
26:29 Scale Barding Armor
26:35 Forging
26:43 Husbandry
26:53 Bloodlines
27:51 Chain Barding Armor
29:41 Plate Barding Armor
29:42 Iron Casting
31:40 Stone Shaft Mining
31:40 Gold Shaft Mining
31:48 Hand Cart
33:45 Blast Furnace
34:48 Tusk Swords
35:09 Conscription
34:40 Elite Battle Elephant
37:13 Fletching
37:59 Murder Holes
39:05 Chemistry
38:25 Ballistics
38:48 Double Crossbow
38:45 Bodkin Arrow
39:01 Siege Engineers
alexisjcw
6:22 Loom
8:25 Feudal Age
11:58 Fletching
13:17 Stone Mining
17:11 Double-Bit Axe
18:27 Wheelbarrow
24:56 Castle Age
25:48 Bodkin Arrow
27:26 Padded Archer Armor
29:01 Gold Mining
29:06 Horse Collar
31:47 Leather Archer Armor
32:04 Ballistics
33:13 Bloodlines
33:04 Husbandry
35:15 Thumb Ring
35:59 Gold Shaft Mining
44:04 Imperial Age
44:15 Cranequins
45:28 Bracer
45:52 Bow Saw
47:34 Chemistry
46:04 Heavy Mounted Crossbowman
47:11 Hand Cart
46:41 Town Watch
49:24 Two-Man Saw
49:40 Town Patrol
51:38 Onager
Hombre invisible
12:01 Feudal Age
15:20 Castle Age
13:37 Horse Collar
13:54 Double-Bit Axe
16:35 Bow Saw
16:26 Heavy Plow
20:35 Fervor
22:29 Loom
24:41 Wheelbarrow
25:41 Bloodlines
25:35 Husbandry
25:52 Gold Mining
29:20 Imperial Age
27:07 Hand Cart
28:03 Bloodlines
27:13 Light Cavalry
28:57 Scale Barding Armor
29:03 Forging
29:42 Elite Battle Elephant
30:46 Chain Barding Armor
33:57 Plate Barding Armor
33:58 Iron Casting
35:23 Gold Shaft Mining
37:26 Crop Rotation
37:40 Fletching
38:04 Stone Mining
39:41 Blast Furnace
38:37 Bodkin Arrow
40:26 Conscription
40:28 Scale Mail Armor
40:43 Heavy Scorpion
42:03 Tusk Swords
45:37 Coinage
47:52 Ballistics
47:39 Siege Engineers
48:35 Chemistry
48:07 Bracer
49:37 Padded Archer Armor
Koatlistak
9:02 Loom
10:47 Feudal Age
14:45 Castle Age
12:53 Double-Bit Axe
14:19 Gold Mining
15:36 Town Watch
16:32 Bow Saw
18:02 Horse Collar
21:58 Padded Archer Armor
23:09 Leather Archer Armor
24:35 Fletching
25:48 Wheelbarrow
32:07 Imperial Age
33:28 Conscription
36:13 Scale Barding Armor
36:20 Forging
36:52 Bloodlines
36:14 Heavy Camel Rider
41:28 Iron Casting
41:29 Husbandry
51:40 Bodkin Arrow
DANICW82
10:37 Feudal Age
14:39 Castle Age
13:01 Horse Collar
13:08 Double-Bit Axe
14:17 Heavy Plow
14:59 Bow Saw
16:42 Gold Mining
20:41 Loom
23:58 Wheelbarrow
27:07 Two-Man Saw
26:09 Fletching
26:25 Scale Barding Armor
26:30 Forging
26:40 Hand Cart
30:01 Imperial Age
28:54 Husbandry
29:30 Chain Barding Armor
29:09 Bodkin Arrow
29:53 Iron Casting
28:46 Cavalier
30:46 Ballistics
32:11 Chemistry
31:14 Bracer
31:16 Padded Archer Armor
31:53 Plate Barding Armor
33:58 Blast Furnace
35:16 Conscription
35:35 Flemish Revolution
36:17 Burgundian Vineyards
42:39 Leather Archer Armor
Connection lost

Rejoining the realm…

Still unreachable

The connection could not be restored.

Session expired

The server has moved on; the page needs a fresh start.